 Dungeon Crawl Stone Soup version 0.28.0-47-ge53b351184 (webtiles) character file.

Game seed: 17171509500219726121

928 styxcanada the Covert (level 7, -1/35 HPs)
             Began as a Spriggan Brigand on May 4, 2022.
             Was an Initiate of Gozag.
             Slain by an orc
             ... wielding a +0 hand axe
              (4 damage)
             ... on level 5 of the Dungeon.
             The game lasted 00:22:32 (5563 turns).

styxcanada the Covert (Spriggan Brigand)            Turns: 5563, Time: 00:22:32

Health: -1/35      AC: 10    Str:  7    XL:     7   Next: 85%
Magic:  10/10      EV: 17    Int: 12    God:    Gozag
Gold:   367        SH:  6    Dex: 19    Spells: 7/9 levels left

rFire   . . .      SeeInvis +   d - +4 short sword
rCold   . . .      Faith    .   g - +0 buckler
rNeg    . . .      Spirit   .   b - +0 robe
rPois   .          Reflect  .   (helmet restricted)
rElec   .          Harm     .   c - +2 cloak
rCorr   .          Rampage  .   (gloves unavailable)
Will    ++...                   (boots unavailable)
Stlth   +++++.....              (no amulet)
HPRegen 0.11/turn               j - ring of willpower
MPRegen 0.12/turn               h - +4 ring of protection

@: gold aura, very quick
A: very small, no large weapons, unfitting armour, see invisible, speed 3,
shaggy fur 1
a: Renounce Religion, Potion Petition, Call Merchant, Bribe Branch


You were on level 5 of the Dungeon.
You worshipped Gozag.
Gozag was aware of your devotion.
You visited 1 branch of the dungeon, and saw 5 of its levels.
You also visited: Sewer.

You collected 522 gold pieces.
You spent 144 gold pieces at shops.
You paid 11 gold pieces to Gozag.

Inventory:

Hand Weapons
 a - a +3 dagger
 d - a +4 short sword (weapon)
Missiles
 e - a curare-tipped dart (quivered)
 f - 161 stones
 q - 3 poisoned darts
Armour
 b - a +0 robe (worn)
 c - a +2 cloak (worn)
 g - a +0 buckler (worn)
Jewellery
 h - a +4 ring of protection (right hand)
 j - a ring of willpower (left hand)
Wands
 o - a wand of polymorph (15)
 u - a wand of flame (14)
Scrolls
 m - 2 scrolls of enchant armour
 n - 2 scrolls of teleportation
 r - a scroll of magic mapping
 s - a scroll of enchant weapon
 t - 2 scrolls of fog
Potions
 i - 2 potions of brilliance
 k - a potion of mutation
 p - a potion of haste {unknown}
 v - a potion of curing {unknown}


   Skills:
 * Level 2.8 Fighting
 + Level 3.9 Short Blades
 + Level 3.2 Throwing
 * Level 3.8 Dodging
 * Level 10.0 Stealth
 * Level 1.2 Shields
 * Level 1.9 Spellcasting
 * Level 2.0 Hexes
 * Level 1.3 Ice Magic
 * Level 2.4 Evocations


You had 7 spell levels left.
You knew the following spells:

 Your Spells              Type           Power      Damage    Failure   Level
a - Ensorcelled Hibernat  Hex/Ice        10%        N/A       41%         2

Your spell library contained the following spells:

 Spells                   Type           Power      Damage    Failure   Level
 Sandblast                Erth           2%         2d4       52%         1
 Blink                    Tloc           2%         N/A       65%         2
 Passwall                 Tmut/Erth      0%         N/A       65%         2
 Lesser Beckoning         Tloc           1%         N/A       87%         3
 Stone Arrow              Conj/Erth      2%         3d7       87%         3
 Swiftness                Air            1%         N/A       87%         3
 Manifold Assault         Tloc           1%         N/A       100%        5
 Dispersal                Tloc           0%         N/A       100%        6
 Disjunction              Tloc           0%         N/A       100%        8


Dungeon Overview and Level Annotations

Branches:
Dungeon (5/15)              Sewer (visited)
 Temple: D:4-7

Altars:
Cheibriados
Elyvilon
Gozag
Hepliaklqana
Nemelex Xobeh
Qazlal
Vehumet

Shops:
D:4 [

Annotations:
D:5 Menkaure


Innate Abilities, Weirdness & Mutations

You are very small and have problems with some larger weapons.
You are too small for most types of armour.
You have supernaturally acute eyesight. (SInv)
You cover ground extremely quickly. (Speed+++)
You are covered in fur. (AC +1)


Message History

The orc shouts!
You hit the orc.
You kill the orc!
The orc wizard is distracted by your dazzling golden aura.
You hit the orc wizard.
The orc wizard is no longer distracted by gold.
The orc wizard is moderately wounded.
Menkaure is distracted by your dazzling golden aura.
The orc wizard closely misses you.
Menkaure shouts!
You hit the orc wizard.
The orc wizard is heavily wounded.
The orc wizard barely misses you.
You closely miss the orc wizard.
The orc wizard is heavily wounded.
Menkaure is no longer distracted by gold.
The orc hits you with a +0 hand axe.
The orc wizard hits you with a +0 dagger.
You hit the orc wizard.
The orc wizard is severely wounded.
The orc completely misses you.
Menkaure calls on the powers of darkness!
The orc wizard convulses!
Your body is wracked with pain!
The orc convulses!
The orc wizard gestures at you while chanting.
The puff of flame hits you!
* * * LOW HITPOINT WARNING * * *
It was a potion of magic.
Magic courses through your body.
The orc wizard is distracted by your dazzling golden aura.
You block the orc's attack.
Menkaure calls on the powers of darkness!
The orc wizard convulses!
Your body is wracked with pain!
* * * LOW HITPOINT WARNING * * *
The orc convulses!
The orc wizard gestures at you while chanting.
The puff of flame hits you.
* * * LOW HITPOINT WARNING * * *
As you read the scroll of fog, it crumbles to dust.
The scroll dissolves into smoke.
The orc hits you with a +0 hand axe.
You die...
Your body crumbles into a pile of gold.

......####...###.#....#
......# ##..##.).....#
#####.# ##.....#....#
..# ###.........## ##.#
#............# ....
......###.##...<. ....
..####.# #ยง# ####.
##.. . #.# #o# . # #.#
#@# #. #.# #o# ..# #o#
..# #M# .# #$# . ..#
.... ..### ...


You could see 2 orc wizards and an orc.

Vanquished Creatures
  Edmund (D:5)
  Duvessa (D:4)
  3 ogres
  A water moccasin zombie (D:5)
  Dowan (D:4)
  An orc priest (D:4)
  Jessica (D:2)
  A bullfrog skeleton (D:4)
  An iguana (D:5)
  An orc wizard (D:5)
  A hell rat (Sewer)
  A hound zombie (D:5)
  6 adders
  5 river rats
  An adder skeleton (D:4)
  2 worms
  9 orcs
  3 endoplasms
  2 giant cockroaches
  6 goblins
  7 hobgoblins
  4 jackals
  3 kobolds
  4 quokkas
  5 ball pythons
  4 bats
  17 rats
92 creatures vanquished.

Notes
Turn   | Place    | Note
-------+----------+-------------------------------------------
     0 | D:1      | styxcanada the Spriggan Brigand began the quest for the
                  | Orb.
     0 | D:1      | Reached XP level 1. HP: 10/10 MP: 2/2
    17 | D:1      | Reached skill level 6 in Stealth
   495 | D:1      | Reached XP level 2. HP: 13/14 MP: 3/3
  1717 | D:2      | Found an opulent altar of Gozag.
  1733 | D:2      | Became a worshipper of Gozag Ym Sagoz the Greedy
  1773 | D:2      | Reached skill level 7 in Stealth
  1773 | D:2      | Reached XP level 3. HP: 18/18 MP: 4/4
  1818 | D:2      | Noticed Jessica
  1821 | D:2      | Killed Jessica
  1932 | D:2      | Found a faded altar of an unknown god.
  2027 | D:2      | Reached XP level 4. HP: 15/23 MP: 5/5
  2581 | D:3      | Reached skill level 8 in Stealth
  2642 | D:3      | Found a glowing drain.
  2684 | Sewer    | Entered a sewer
  2882 | Sewer    | Reached XP level 5. HP: 26/26 MP: 6/6
  3435 | D:3      | You fall into a shaft and drop 2 floors!
  3435 | D:5      | Entered Level 5 of the Dungeon
  3442 | D:4      | Found Egujor's Antique Armour Boutique.
  3460 | D:4      | Bought a buckler for 144 gold pieces
  3724 | D:3      | Found a stormy altar of Qazlal.
  3724 | D:3      | Found a faded altar of an unknown god.
  3732 | D:3      | Found a faded altar of an unknown god.
  3734 | D:3      | Found a white marble altar of Elyvilon.
  3736 | D:3      | Found a hazy altar of Hepliaklqana.
  3844 | D:3      | Found a sparkling altar of Nemelex Xobeh.
  3872 | D:3      | Found a snail-covered altar of Cheibriados.
  4087 | D:3      | Found an opulent altar of Gozag.
  4151 | D:4      | Noticed an ogre
  4153 | D:4      | Reached skill level 9 in Stealth
  4172 | D:4      | Killed an ogre
  4173 | D:4      | Reached XP level 6. HP: 32/32 MP: 7/7
  4243 | D:4      | Learned a level 2 spell: Ensorcelled Hibernation
  4485 | D:4      | Noticed Duvessa
  4513 | D:4      | Killed Duvessa
  4514 | D:4      | Reached skill level 1 in Evocations
  4528 | D:4      | Noticed Dowan
  4543 | D:4      | Killed Dowan
  4710 | D:4      | Gained mutation: You are clumsy. (Dex -2) [potion of
                  | mutation]
  4710 | D:4      | Lost mutation: You are clumsy. (Dex -2) [potion of
                  | mutation]
  4710 | D:4      | Gained mutation: You are covered in fur. (AC +1) [potion of
                  | mutation]
  4793 | D:4      | Found a radiant altar of Vehumet.
  5120 | D:5      | Reached XP level 7. HP: 35/35 MP: 9/9
  5120 | D:5      | Noticed Edmund
  5138 | D:5      | Reached skill level 1 in Spellcasting
  5138 | D:5      | Reached skill level 1 in Hexes
  5197 | D:5      | Killed Edmund
  5198 | D:5      | Reached skill level 1 in Shields
  5508 | D:5      | Reached skill level 1 in Ice Magic
  5511 | D:5      | Reached skill level 10 in Stealth
  5527 | D:5      | Noticed Menkaure
  5563 | D:5      | Slain by an orc

Illustrated notes

Levels and vault maps discovered:
D:1:      dpeg_arrival_morbid_curiosity, layout_basic
D:2:      layout_loops_ring, basic_altar,
          dreamdust_ecumenical_altar_hidden_monk_grotto, nrook_campfire,
          uniq_jessica
D:3:      layout_loops_ring, chequers_temple_overflow_minitemple,
          nemelex_diamond_rough_becter, mainiacjoe_overflow_swirl,
          portal_sewer_entry_e, chequers_serial_rivers_micro_e
D:4:      layout_loops_ring, vehumet_altar_wand_db, nicolae_stop_n_shop_2,
          hangedman_abyss_or_decor_lesser_grid, uniq_duvessa
D:5:      layout_rooms, chequers_serial_rivers_micro_c, dk_rats_in_the_wall,
          uniq_crazy_yiuf_cottage, uniq_menkaure, uniq_edmund

Skill      XL: |  1  2  3  4  5  6  7 |
---------------+----------------------+-----
Stealth        | 6 7 8 9 10 | 10.0
Dodging        | 2 3 |  3.8
Fighting       | 2 |  2.8
Short Blades   | 3 |  3.9
Evocations     | 1 2 |  2.4
Spellcasting   | 1 |  1.9
Hexes          | 2 |  2.0
Throwing       | 3 |  3.2
Shields        | 1 |  1.2
Ice Magic      | 1 |  1.3

Action                   |  1- 3 |  4- 6 |  7- 9 || total
-------------------------+-------+-------+-------++-------
Melee: Dagger            |    73 |   114 |       ||   187
       Punch             |     1 |       |       ||     1
       Short sword       |       |    20 |    66 ||    86
Throw: Dart              |    18 |    38 |    11 ||    67
       Stone             |       |     2 |     3 ||     5
Evoke: Wand              |       |       |     3 ||     3
  Use: Scroll            |       |    14 |     1 ||    15
       Potion            |       |     1 |     1 ||     2
 Stab: Sleeping          |     6 |    21 |     2 ||    29
       Distracted        |     1 |       |     1 ||     2
Armor: Robe              |    12 |    32 |    12 ||    56
Dodge: Dodged            |    48 |   106 |    24 ||   178
Block: Buckler           |       |     9 |    13 ||    22
